AoeStats
← El Fantasma de Pancho Villa

Fortress

508077078Analyzed
4v4 RM · 11d ago on Sep 20, 2026· 7m 40s· 8 players
Game mode
Random Map
Map size
Huge
Population
200
Speed
Normal
Resources
Standard
Victory
Conquest
Starting age
Dark Age
Ending age
Imperial Age
RankedLock teamsTeams togetherTeam positionsShared explorationLock speedFull tech treeHidden civsTurbo modeCheats
Victory
Defeat
🇪🇸 Persians · Spain
1163
+15
🇺🇸 Georgians · United States
1150
+15
🇺🇸 Cumans · United States
1130
+16
🇲🇽 Britons · Mexico
1123
+17
🇨🇴 Hindustanis · Colombia
1194
-18
🇲🇽 Portuguese · Mexico
1194
-18
🇺🇸 Huns · United States
1092
-14
🇨🇴 Mongols · Colombia
1071
-13
El Fantasma de Pancho Villa
7:23 Feudal Age
Tachyon
7:56 Feudal Age
Boywars
4:58 Loom
8:40 Feudal Age
xpellicer1992
6:58 Feudal Age
ELEG VACASADA
7:11 Feudal Age
7:56 Loom
sirmanuelini
8:20 Feudal Age
Kriptico
8:13 Feudal Age
calmilo
Connection lost

Rejoining the realm…

Still unreachable

The connection could not be restored.

Session expired

The server has moved on; the page needs a fresh start.